 Dungeon Crawl Stone Soup version 0.14.1-26-g5a19342 (webtiles) character file.

257 Konstantin the Vexing (level 5, 0/25 HPs)
             Began as a Vine Stalker Enchanter on July 10, 2014.
             Killed from afar by an orc wizard (3 damage)
             ... with a magic dart
             ... on Level 3 of the Dungeon.
             The game lasted 00:42:45 (2766 turns).

Konstantin the Vexing (Vine Stalker Enchanter)      Turns: 2766, Time: 00:42:45

HP   0/25        AC  4     Str 11      XL: 5   Next: 32%
MP   0/11        EV 12     Int 16      God:
Gold 107         SH  0     Dex 14      Spells:  4 memorised,  1 level left

rFire  . . .     SeeInvis .     d - -3,+0 short sword (curse)
rCold  . . .     Clarity  .     h - +2 robe
rNeg   . . .     Conserve .     (no shield)
rPois  .         rCorr    .     (no helmet)
rElec  .         rRot     +     (no cloak)
SustAb . .       Spirit   +     (no gloves)
rMut   .         Warding  .     (no boots)
Saprov . . .     Stasis   .     (no amulet)
MR     .....                    (no ring)
                                (no ring)

@: about to teleport, very slightly contaminated, bonded with blade, hasted,
very quick, not resistant to hostile enchantments, fairly stealthy
A: fangs 2, regeneration 1, magic shield, antimagic bite, no device heal
a: no special abilities


You were on level 3 of the Dungeon.
You were not hungry.

You visited 1 branch of the dungeon, and saw 3 of its levels.

You collected 107 gold pieces.

Inventory:

Hand weapons
 a - a +0,+0 dagger
 d - a cursed -3,+0 short sword (weapon)
 g - a +0,+0 dagger
 n - a +1,+2 dagger
Armour
 h - a +2 robe (worn)
Comestibles
 f - 3 bread rations
 o - 2 chunks of hobgoblin flesh
 r - a meat ration
 u - 2 rotting chunks of hobgoblin flesh
 w - 2 chunks of orc flesh
Scrolls
 b - a scroll of recharging
 i - 2 scrolls of identify
 k - 4 scrolls of teleportation
 p - a scroll of random uselessness {unknown}
 s - a scroll of immolation {unknown}
 x - a scroll of magic mapping {unknown}
Potions
 e - 2 potions of curing
 j - a potion of might
 l - a potion of heal wounds {unknown}
 q - a potion of resistance
 v - a potion of brilliance {unknown}
Books
 c - a book of Maledictions

   Spells                             Type                      Level
   *Corona                            Hexes                        1
   *Sure Blade                        Hexes/Charms                 2
   *Ensorcelled Hibernation           Hexes/Ice                    2
   *Confuse                           Hexes                        3
   Enslavement                        Hexes                        4
   Invisibility                       Hexes                        6


   Skills:
 * Level 1.3 Fighting
 * Level 2.0 Short Blades
 - Level 0.8 Throwing
 * Level 2.3 Dodging
 + Level 3.0 Stealth
 * Level 2.7 Spellcasting
 * Level 3.7 Hexes
 + Level 0.2 Charms
 + Level 0.8 Ice Magic


You had one spell level left.
You knew the following spells:

 Your Spells              Type           Power        Failure   Level  Hunger
a - Corona                Hex            ##.....      6%          1    #......
b - Ensorcelled Hibernat  Hex/Ice        #.....       14%         2    ##.....
c - Sure Blade            Hex/Chrm       #.........   14%         2    ##.....
d - Confuse               Hex            ##......     14%         3    ###....


Dungeon Overview and Level Annotations

Branches:
Dungeon (3/15)

Altars:
Cheibriados

Annotations:
D:2 Sigmund


Innate Abilities, Weirdness & Mutations

You are immune to rotting.
You have extremely sharp teeth.
Your natural rate of healing is unusually fast.
When hurt, damage is shared between your health and your magic reserves.
Your bite disrupts and absorbs the magic of your enemies.
Potions and wands cannot restore your HP.


Message History

The magic dart hits you!
Casting: Confuse
Confirm with . or Enter, or press ? or * to list all spells.
You become one with your weapon.
Something hits you!
* * * LOW HITPOINT WARNING * * *
Drink which item? (? for menu, Esc to quit)
You feel yourself speed up. Something hits you.
* * * LOW HITPOINT WARNING * * *
You are very lightly contaminated with residual magic.
Drink which item? (? for menu, Esc to quit)
You have no ailments to cure.
Read which item? (? for menu, Esc to quit)
Okay, then.
Drink which item? (? for menu, Esc to quit)
Okay, then.
Read which item? (? for menu, Esc to quit)
As you read the scroll of teleportation, it crumbles to dust.
You feel strangely unstable. The magic dart hits you!
You die...

#### #.. #.###
##########...#
...........#.#
...######....#
##.#####.###.##
# ##......##
##.#####.######
........#
#...@.)g......
#######.##
##.#####.#####.
# ##.###.## # #
##...## # #####
#


You could see a goblin.

Vanquished Creatures
  An orc priest (D:3)
  4 adders
  2 worms
  2 oozes (D:1)
  5 orcs (D:3)
  2 giant cockroaches
  11 hobgoblins
  4 jackals (D:2)
  3 ball pythons
  7 bats
  2 giant geckos (D:1)
  A giant newt (D:3)
  3 goblins
  10 kobolds
  5 rats
62 creatures vanquished.

Notes
Turn   | Place    | Note
--------------------------------------------------------------
     0 | D:1      | Konstantin, the Vine Stalker Enchanter, began the quest for the Orb.
     0 | D:1      | Reached XP level 1. HP: 9/9 MP: 3/3
    62 | D:1      | Reached skill level 1 in Short Blades
   178 | D:1      | Reached XP level 2. HP: 8/13 MP: 1/5
   252 | D:1      | Learned a level 2 spell: Ensorcelled Hibernation
   255 | D:1      | Learned a level 2 spell: Sure Blade
   759 | D:1      | Reached XP level 3. HP: 17/17 MP: 4/7
  1145 | D:2      | Noticed Sigmund
  1425 | D:2      | Found a snail-covered altar of Cheibriados.
  1860 | D:2      | Reached skill level 1 in Fighting
  1860 | D:2      | Reached XP level 4. HP: 18/22 MP: 9/9
  2047 | D:3      | Learned a level 3 spell: Confuse
  2628 | D:3      | Reached XP level 5. HP: 25/25 MP: 9/11
  2766 | D:3      | Killed from afar by an orc wizard

Action                   |  1- 3 |  4- 6 || total
-------------------------+-------+-------++-------
Melee: Dagger            |   147 |    13 ||   160
       Short sword       |       |    77 ||    77
Throw: Dart              |    19 |       ||    19
       Javelin           |     7 |       ||     7
 Cast: Corona            |    12 |       ||    12
       Ensorcelled Hiber |    14 |    10 ||    24
       Confuse           |       |     1 ||     1
       Sure Blade        |       |     1 ||     1
  Use: Scroll            |     2 |     5 ||     7
       Potion            |       |     1 ||     1
 Stab: Sleeping          |     8 |     7 ||    15
